 Dungeon Crawl Stone Soup version 0.31.0-32-g396128a36d (webtiles) character file.

Game seed: 4961842483409007164

141 NotreDorf the Poker (level 5, 0/41 HPs)
             Began as a Merfolk Gladiator on Mar 22, 2024.
             Slain by a sky beast (5 damage)
             ... on level 3 of the Dungeon.
             The game lasted 00:04:26 (2425 turns).

NotreDorf the Poker (Merfolk Gladiator)             Turns: 2425, Time: 00:04:26

Health: 0/41       AC:  5    Str: 17    XL:     5   Next: 24%
Magic:  5/5        EV: 14    Int:  7    God:
Gold:   119        SH:  0    Dex: 15    Spells: 4/4 levels left

rFire   . . .        a - +0 trident
rCold   . . .        (no shield)
rNeg    . . .        b - +0 leather armour
rPois   .            l - +1 helmet
rElec   .            (no cloak)
rCorr   .            (no gloves)
SInv    .            (no boots)
Will    .....        (no amulet)
Stlth   ++           (no ring)
HPRegen 0.26/turn    (no ring)
MPRegen 0.09/turn

%: no passive effects
@: no status effects
A: (nimble swimmer 2), mertail
a: no special abilities


You were on level 3 of the Dungeon.
You visited 1 branch of the dungeon, and saw 3 of its levels.

You collected 119 gold pieces.

Inventory:

Hand Weapons
 a - a +0 trident (weapon)
Missiles
 d - 3 throwing nets (quivered)
 e - a javelin
Armour
 b - a +0 leather armour (worn)
 l - a +1 helmet (worn)
Scrolls
 c - a scroll of poison {unknown}
 g - 4 scrolls of identify {unknown}
 i - 5 scrolls of teleportation {unknown}
 j - a scroll of enchant weapon {unknown}
 k - a scroll of butterflies {unknown}
 m - 4 scrolls of noise {unknown}
 n - a scroll of revelation {unknown}
 p - a scroll of silence {unknown}
Potions
 f - 4 potions of curing {unknown}
 h - 2 potions of lignification {unknown}
 o - a potion of might {unknown}


   Skills:
 + Level 3.5 Fighting
 + Level 5.1 Polearms
 - Level 2.0 Throwing
 + Level 5.1 Dodging
 + Level 2.5 Stealth


You had 4 spell levels left.
You didn't know any spells.
Your spell library contained the following spells:

 Spells                   Type           Power      Damage    Failure   Level
 Sandblast                Erth           0%         2d4       50%         1
 Passwall                 Erth           0%         N/A       86%         3
 Stone Arrow              Conj/Erth      0%         3d7       86%         3
 Brom's Barrelling Bould  Conj/Erth      0%         2d3       99%         4


Dungeon Overview and Level Annotations

Branches:
Dungeon (3/15)

Altars:

Shops:
D:1 (


Innate Abilities, Weirdness & Mutations

((You are very nimble when in or above water. (Stealth+, EV+, Speed+++)))
Your lower body shifts to a powerful aquatic tail in water.


Message History

The ball python hisses angrily.
You barely miss the ball python.
The ball python bites you but does no damage.
The ball python grabs you. The ball python constricts you.
You hit the ball python.
You kill the ball python!
Found a stone staircase leading up.
Found a stone staircase leading up.
An adder comes into view.
You reach to attack!
The helpless adder fails to defend itself.
You puncture the adder!
The adder is almost dead.
The adder barely misses you.
You hit the adder.
You kill the adder!
A sky beast comes into view.
You closely miss the sky beast. The sky beast misses you.
You barely miss the sky beast. The sky beast hits you.
The sky beast shocks you.
You hit the sky beast but do no damage.
The sky beast flickers out of sight!
Deactivating autopickup; reactivate with Ctrl-A.
Something barely misses you.
No target in view!
No target in view!
You hit something. Something hits you but does no damage.
You barely miss something. Something hits you but does no damage.
You closely miss something. Something hits you but does no damage.
You puncture something! Something hits you but does no damage.
You hit something. Something hits you. Something shocks you.
You miss something. Something hits you. Something shocks you.
Something hits you. Something shocks you.
You barely miss something. Something hits you.
* * * LOW HITPOINT WARNING * * *
Something shocks you.
* * * LOW HITPOINT WARNING * * *
You barely miss something. Something hits you.
* * * LOW HITPOINT WARNING * * *
Something shocks you.
You die...

###.####.#
#..#.#..†...# #.# #.#
#........#.## #.#
#.#.##.#...#.#.# #.#
#.#....#.....#.# #.#
#.#.<.......##.# #.#
#.######.#..##.# #.#
#........#..<#.#
###.##############.##.#
#^......@{...... ..##.#
################ ###.#
#.# #.# #.# #.# #.# #.#
#.###


There were no monsters in sight!

Vanquished Creatures
  A hound (D:3)
  5 adders
  2 dart slugs
  4 ribbon worms
  3 orcs (D:3)
  5 endoplasms
  A giant cockroach (D:1)
  4 goblins
  6 jackals (D:1)
  2 quokkas
  5 ball pythons
  4 bats
  5 kobolds
  4 rats
51 creatures vanquished.

Notes
Turn   | Place    | Note
-------+----------+-------------------------------------------
     0 | D:1      | NotreDorf the Merfolk Gladiator began the quest for the
                  | Orb.
     0 | D:1      | Reached XP level 1. HP: 16/16 MP: 1/1
     6 | D:1      | Noticed a lindwurm
     6 | D:1      | Noticed a swamp drake
     6 | D:1      | Noticed a black mamba
     7 | D:1      | Noticed a komodo dragon
     7 | D:1      | Noticed a black bear
   173 | D:1      | Reached XP level 2. HP: 23/23 MP: 2/2
   218 | D:1      | Reached skill level 1 in Stealth
   654 | D:1      | Found Fougurchyju's Antique Weapon Shop.
  1099 | D:2      | Reached XP level 3. HP: 10/28 MP: 3/3
  1560 | D:2      | Reached XP level 4. HP: 29/35 MP: 4/4
  2095 | D:3      | Reached skill level 5 in Polearms
  2175 | D:3      | Reached skill level 5 in Dodging
  2175 | D:3      | Reached XP level 5. HP: 41/41 MP: 5/5
  2411 | D:3      | Noticed a sky beast
  2425 | D:3      | Slain by a sky beast

Illustrated notes

Levels and vault maps discovered:
D:1:      onia_arrival_zoo_common, layout_loops_corners, serial_shops, shop,
          minmay_misc_feat_roman
D:2:      layout_basic
D:3:      layout_basic

Skill      XL: |  1  2  3  4 |
---------------+-------------+-----
Stealth        | 1 2 |  2.5
Fighting       | 3 |  3.5
Polearms       | 5 |  5.1
Dodging        | 5 |  5.1
Throwing       | |  2.0

Action                     |  1- 3 |  4- 6 || total
---------------------------+-------+-------++-------
  Melee: Trident           |   117 |    77 ||   194
         Punch             |       |     2 ||     2
   Stab: Sleeping          |     7 |     5 ||    12
 Armour: Leather armour    |    60 |    32 ||    92
  Dodge: Dodged            |    60 |    40 ||   100
